AoeStats
← YOGI

Black Forest

507833258Analyzed
3v3 RM · 13d ago on Sep 19, 2026· 29m 13s· 6 players
Game mode
Random Map
Map size
Normal (6 player)
Population
200
Speed
Normal
Resources
Standard
Victory
Conquest
Starting age
Dark Age
Ending age
Imperial Age
RankedLock teamsTeams togetherTeam positionsShared explorationLock speedFull tech treeHidden civsTurbo modeCheats
Victory
Defeat
🇪🇸 Spanish · Spain
911
+16
🇪🇸 Lithuanians · Spain
854
+18
🇲🇽 Jurchens · Mexico
830
+18
🇩🇪 Celts · Germany
943
-19
🇩🇪 Persians · Germany
907
-18
🇮🇳 Britons · India
842
-15
Althanen
0:27 Loom
17:45 Feudal Age
21:23 Castle Age
19:47 Double-Bit Axe
19:56 Stone Mining
20:14 Horse Collar
21:45 Gold Mining
28:10 Padded Archer Armor
KikeCr2
0:34 Loom
14:17 Feudal Age
15:08 Horse Collar
19:29 Castle Age
20:38 Scale Barding Armor
22:15 Squires
22:00 Arson
Leinad89
2:04 Loom
11:55 Feudal Age
19:25 Castle Age
18:57 Fletching
22:18 Bodkin Arrow
22:51 Double-Bit Axe
25:02 Horse Collar
29:48 Forging
YOGI
13:28 Feudal Age
19:33 Castle Age
19:10 Double-Bit Axe
22:41 Town Watch
23:31 Wheelbarrow
23:29 Man-at-Arms
25:26 Long Swordsman
26:44 Pikeman
Msay
0:55 Loom
12:50 Feudal Age
13:18 Horse Collar
13:29 Double-Bit Axe
18:36 Wheelbarrow
21:42 Castle Age
20:33 Gold Mining
20:34 Stone Mining
20:41 Fletching
20:58 Scale Mail Armor
23:50 Heavy Plow
24:01 Bow Saw
26:20 Fortified Wall
30:33 Imperial Age
Amir
0:44 Loom
18:35 Feudal Age
19:02 Horse Collar
19:09 Double-Bit Axe
22:41 Gold Mining
23:11 Stone Mining
27:11 Castle Age
25:20 Fletching
25:31 Scale Mail Armor
26:03 Scale Barding Armor
27:42 Forging
27:32 Padded Archer Armor
28:04 Heavy Plow
28:17 Bow Saw
29:13 Stone Shaft Mining
Connection lost

Rejoining the realm…

Still unreachable

The connection could not be restored.

Session expired

The server has moved on; the page needs a fresh start.